 Dungeon Crawl Stone Soup version 0.30.1-4-g462c640d31 (webtiles) character file.

Game seed: 18109444273510468322

2 safid the Chiller (level 1, 0/14 HPs)
             Began as a Merfolk Ice Elementalist on Sept 1, 2023.
             Slain by a jackal (2 damage)
             ... on level 1 of the Dungeon.
             The game lasted 00:00:49 (99 turns).

safid the Chiller (Merfolk Ice Elementalist)          Turns: 99, Time: 00:00:50

Health: 0/14       AC:  2    Str:  8    XL:     1   Next: 40%
Magic:  0/3        EV: 12    Int: 14    God:
Gold:   13         SH:  0    Dex: 14    Spells: 3/4 levels left

rFire   . . .        e - +0 whip
rCold   . . .        (no shield)
rNeg    . . .        a - +0 robe
rPois   .            (no helmet)
rElec   .            (no cloak)
rCorr   .            (no gloves)
SInv    .            (no boots)
Will    .....        (no amulet)
Stlth   ++           (no ring)
HPRegen 0.22/turn    (no ring)
MPRegen 0.08/turn

%: no passive effects
@: very slightly contaminated
A: (nimble swimmer 2), mertail
a: no special abilities


You were on level 1 of the Dungeon.
You visited 1 branch of the dungeon, and saw 1 of its levels.

You collected 13 gold pieces.

Inventory:

Hand Weapons
 e - a +0 whip (weapon)
Armour
 a - a +0 robe (worn)
Scrolls
 c - 2 scrolls of identify {unknown}
Potions
 b - a potion of magic
 d - a potion of might {unknown}


   Skills:
 + Level 0.3 Fighting
 - Level 2.6 Dodging
 - Level 2.1 Stealth
 + Level 2.0 Spellcasting
 + Level 4.4 Ice Magic


You had 3 spell levels left.
You knew the following spells:

 Your Spells              Type           Power      Damage    Failure   Level
a - Freeze                Ice            52%        1d6       3%          1

Your spell library contained the following spells:

 Spells                   Type           Power      Damage    Failure   Level
 Frozen Ramparts          Ice            26%        1d4       12%         3
 Ozocubu's Armour         Ice            13%        N/A       12%         3
 Summon Ice Beast         Ice/Summ       7%         N/A       67%         4


Dungeon Overview and Level Annotations

Branches:
Dungeon (1/15)

Altars:


Innate Abilities, Weirdness & Mutations

((You are very nimble when in or above water. (Stealth+, EV+, Speed+++)))
Your lower body shifts to a powerful aquatic tail in water.


Message History

The jackal is heavily wounded.
The jackal closely misses you.
Unknown command.
Casting: Freeze (safe; 3% risk of failure)
Confirm with . or Enter, or press ? or * to list all spells.
Aiming: Freeze (safe; 3% risk of failure)
Press: ? - help, Shift-Dir - straight line, f/p - jackal
Aim: a jackal (moderately wounded)
You freeze the jackal.
The jackal is severely wounded.
The jackal closely misses you. The jackal bites you.
The jackal barely misses you.
Casting: Freeze (safe; 3% risk of failure)
Confirm with . or Enter, or press ? or * to list all spells.
Aiming: Freeze (safe; 3% risk of failure)
Press: ? - help, Shift-Dir - straight line, f/p - jackal
Aim: a jackal (severely wounded)
You miscast Freeze.
You are very lightly contaminated with residual magic.
Nothing appears to happen.
The jackal misses you. The jackal bites you.
Unknown command.
Casting: Freeze (safe; 3% risk of failure)
Confirm with . or Enter, or press ? or * to list all spells.
You don't have enough magic to cast this spell.
Unknown command.
You hit the jackal.
You kill the jackal!
The jackal barely misses you. The jackal bites you. x2
You are too injured to fight recklessly!
You are too injured to fight recklessly!
Unknown command.
You hit the jackal but do no damage.
The jackal is severely wounded.
The jackal closely misses you. The jackal barely misses you.
The jackal bites you.
* * * LOW HITPOINT WARNING * * *
You hit the jackal.
You kill the jackal!
The jackal barely misses you. The jackal bites you.
You die...

... ## .... ####. ###
#..##.... #.. .........
#.# ## .##...⌠. #.## #..
#...... ######.##. #.#
##...⌠.. #....h†##.##.#
#....... #....†@# ....#
##...⌠.. ##......# #..##
#......
#.......#####..####...⌠.
#####.............'.....
#....†........##....
#.#.....####.##..####.
#.#....## #.##...# ##
#.###### #.##.#.# #...
#g##.#.#


You could see a jackal.

Vanquished Creatures
  2 jackals (D:1)
  A quokka (D:1)
3 creatures vanquished.

Notes
Turn   | Place    | Note
-------+----------+-------------------------------------------
     0 | D:1      | safid the Merfolk Ice Elementalist began the quest for the
                  | Orb.
     0 | D:1      | Reached XP level 1. HP: 13/13 MP: 3/3
    99 | D:1      | Slain by a jackal

Illustrated notes

Levels and vault maps discovered:
D:1:      dpeg_arrival_stone_temple_mockup, layout_basic,
          hellmonk_ecumenical_altar_leap_of_faith, serial_co_window_serial,
          co_window_paths_b, co_window_paths_b, co_window_paths_a,
          co_window_corner_a, co_window_paths_a, co_window_2corner,
          co_window_cross_3, co_window_2corner, co_window_corner_ca,
          co_window_of_opportunity_c, glass_columns_c, glass_columns_a,
          glass_columns_b

Action                     || total
---------------------------++-------
  Melee: Whip              ||     9
   Cast: Freeze            ||     4
  Dodge: Dodged            ||    13
